[ PARTIDA AOE2 · #469786404 ]
UnrankedIndostaníes vs Bohemians
[ ANÁLISIS DE REPETICIÓN · EXTRAÍDO DE LA PARTIDA GRABADA ]
Feudal
11:46
Castillos
15:18
Imperial
29:38
| APM promedio | 52.5 |
| APM pico | 94 |
| eAPM promedio | 30.2 |
| Aldeanos / militares | 156 / 400 |
Foco
⚔️ 38.8% · 🌾 61.2%
Skirmisher ×224 · Camel Scout ×153 · Fishing Ship ×16 · Demolition Raft ×10 · Cavalry Archer ×9 · Trebuchet (Packed) ×2
Feudal
11:52
Castillos
15:26
Imperial
28:45
| APM promedio | 39.1 |
| APM pico | 102 |
| eAPM promedio | 27.1 |
| Aldeanos / militares | 130 / 196 |
Foco
⚔️ 24.9% · 🌾 75.1%
Knight ×188 · Trebuchet (Packed) ×7 · Monk ×1
Feudal
11:37
Castillos
16:01
Imperial
29:51
| APM promedio | 41.1 |
| APM pico | 92 |
| eAPM promedio | 19.8 |
| Aldeanos / militares | 55 / 173 |
Foco
⚔️ 23.4% · 🌾 76.6%
Spearman ×135 · Bombard Cannon ×22 · Hussite Wagon ×8 · Mangonel ×4 · Scorpion ×2 · Battering Ram ×2
Feudal
13:36
Castillos
22:58
Imperial
37:47
| APM promedio | 42.0 |
| APM pico | 68 |
| eAPM promedio | 26.9 |
| Aldeanos / militares | 144 / 246 |
Foco
⚔️ 31.9% · 🌾 68.1%
Spearman ×155 · Militia ×78 · Archer ×13 · Fishing Ship ×9
Feudal
10:58
Castillos
14:28
Imperial
29:04
| APM promedio | 35.8 |
| APM pico | 100 |
| eAPM promedio | 20.3 |
| Aldeanos / militares | 162 / 205 |
Foco
⚔️ 43.8% · 🌾 56.2%
Mangudai ×158 · Scout Cavalry ×46 · Monk ×1
Feudal
16:06
Castillos
19:53
Imperial
31:39
| APM promedio | 35.0 |
| APM pico | 66 |
| eAPM promedio | 25.2 |
| Aldeanos / militares | 116 / 148 |
Foco
⚔️ 41.5% · 🌾 58.5%
Spearman ×145 · Fishing Ship ×4 · Shotel Warrior ×3
Feudal
16:17
Castillos
20:23
Imperial
24:20
| APM promedio | 62.0 |
| APM pico | 123 |
| eAPM promedio | 26.8 |
| Aldeanos / militares | 95 / 31 |
Foco
⚔️ 31.0% · 🌾 69.0%
Bombard Cannon ×25 · Fishing Ship ×5 · Hussite Wagon ×4 · Trade Cart ×3 · Mangonel ×2
Feudal
12:06
Castillos
16:01
Imperial
34:35
| APM promedio | 57.5 |
| APM pico | 100 |
| eAPM promedio | 42.9 |
| Aldeanos / militares | 197 / 202 |
Foco
⚔️ 36.9% · 🌾 63.1%
Leitis ×106 · Spearman ×74 · Trade Cart ×21 · Fishing Ship ×18 · Trebuchet (Packed) ×13 · Scorpion ×6
Mapa de la partida
Recursos iniciales + cada clic de construcción. Líneas = muros · curvas = relieve. ◆ oro · ⬟ piedra · ● bayas · ✦ reliquia · ◌ hueco del cierre
Tu base· Abierta — el rival se encerró
Base de Ux'Max <3· Abierta — el rival se encerró
Base de _The_Lion· ✓ Cerrada en 16:01 · 38t muro · sin puerta
Base de Freidle· ✓ Cerrada en 22:58 · 43t muro · sin puerta
Base de T1m· ✓ Cerrada en 14:28 · 0t muro · sin puerta
Base de Dk· ✓ Cerrada en 19:53 · 21t muro · sin puerta
Base de Ux'Nova· ✓ Cerrada en 20:23 · 88t muro · sin puerta
Base de DDDDD· ✓ Cerrada en 16:01 · 4t muro · sin puerta
Terreno inicial suavizado · ◌ = hueco del cierre detectado · pasá el cursor para detalles
Inputs por minuto
— Ux´zSharck - - Ux'Max <3
Build order — Ux´zSharck
Primeras 150 de 626 acciones detectadas
| 0:01 | Crear | Villager (Male) |
| 0:01 | Crear | Villager (Male) |
| 0:02 | Construir | House |
| 0:03 | Construir | House |
| 0:13 | Crear | Villager (Male) |
| 0:18 | Crear | Villager (Male) |
| 1:05 | Crear | Villager (Male) |
| 1:37 | Crear | Villager (Male) |
| 1:51 | Construir | Lumber Camp |
| 2:07 | Crear | Villager (Male) |
| 2:16 | Crear | Villager (Male) |
| 3:00 | Crear | Villager (Male) |
| 3:23 | Crear | Villager (Male) |
| 3:37 | Investigar | Loom |
| 3:37 | Crear | Villager (Male) |
| 3:50 | Construir | House |
| 3:51 | Construir | House |
| 3:52 | Construir | House |
| 4:02 | Crear | Villager (Male) |
| 4:02 | Crear | Villager (Male) |
| 4:33 | Crear | Villager (Male) |
| 4:48 | Crear | Villager (Male) |
| 5:11 | Crear | Villager (Male) |
| 5:44 | Crear | Villager (Male) |
| 5:55 | Crear | Villager (Male) |
| 6:02 | Construir | Lumber Camp |
| 6:59 | Crear | Villager (Male) |
| 7:12 | Construir | Dock |
| 7:12 | Crear | Villager (Male) |
| 7:20 | Crear | Villager (Male) |
| 7:30 | Crear | Villager (Male) |
| 7:36 | Construir | Mill |
| 7:46 | Crear | Villager (Male) |
| 7:49 | Crear | Villager (Male) |
| 8:03 | Crear | Villager (Male) |
| 8:28 | Crear | Fishing Ship |
| 8:41 | Crear | Villager (Male) |
| 8:53 | Construir | Mining Camp |
| 9:08 | Crear | Villager (Male) |
| 9:13 | Investigar | Feudal Age |
| 9:14 | Investigar | Feudal Age |
| 9:27 | Crear | Villager (Male) |
| 9:30 | Construir | Mill |
| 10:11 | Crear | Villager (Male) |
| 10:17 | Crear | Fishing Ship |
| 11:10 | Crear | Fishing Ship |
| 11:46 | Edad | Edad Feudal |
| 11:48 | Construir | Market |
| 11:49 | Construir | Blacksmith |
| 12:01 | Crear | Villager (Male) |
| 12:38 | Investigar | Castle Age |
| 12:38 | Investigar | Castle Age |
| 12:49 | Investigar | Double-Bit Axe |
| 13:22 | Investigar | Tech 906 |
| 13:52 | Crear | Demolition Raft |
| 13:57 | Construir | House |
| 13:58 | Construir | House |
| 14:02 | Crear | Villager (Male) |
| 14:21 | Construir | Dock |
| 14:50 | Crear | Villager (Male) |
| 15:14 | Crear | Villager (Male) |
| 15:18 | Edad | Edad de los Castillos |
| 15:21 | Construir | Town Center |
| 15:25 | Construir | Town Center |
| 15:26 | Crear | Villager (Male) |
| 15:29 | Crear | Demolition Raft |
| 15:37 | Investigar | Gillnets |
| 15:42 | Crear | Villager (Male) |
| 15:43 | Crear | Villager (Male) |
| 15:44 | Crear | Demolition Raft |
| 15:56 | Construir | House |
| 15:57 | Construir | House |
| 16:01 | Construir | Fish Trap |
| 16:01 | Crear | Villager (Male) |
| 16:01 | Crear | Villager (Male) |
| 16:04 | Crear | Villager (Male) |
| 16:08 | Investigar | Bow Saw |
| 16:14 | Crear | Demolition Raft |
| 16:22 | Crear | Fishing Ship |
| 16:23 | Crear | Villager (Male) |
| 16:26 | Crear | Villager (Male) |
| 16:33 | Crear | Fishing Ship |
| 16:33 | Crear | Fishing Ship |
| 16:43 | Crear | Villager (Male) |
| 16:45 | Crear | Villager (Male) |
| 17:01 | Crear | Fishing Ship |
| 17:01 | Crear | Fishing Ship |
| 17:10 | Construir | Fish Trap |
| 17:10 | Crear | Villager (Male) |
| 17:23 | Crear | Villager (Male) |
| 17:23 | Crear | Villager (Male) |
| 17:24 | Crear | Villager (Male) |
| 17:27 | Crear | Demolition Raft |
| 17:27 | Crear | Demolition Raft |
| 17:33 | Construir | Fish Trap |
| 17:43 | Construir | Fish Trap |
| 17:51 | Construir | Fish Trap |
| 17:51 | Crear | Villager (Male) |
| 18:00 | Construir | Fish Trap |
| 18:01 | Crear | Villager (Male) |
| 18:02 | Crear | Villager (Male) |
| 18:04 | Crear | Villager (Male) |
| 18:04 | Crear | Villager (Male) |
| 18:15 | Construir | Fish Trap |
| 18:23 | Crear | Demolition Raft |
| 18:36 | Crear | Villager (Male) |
| 18:45 | Construir | Mining Camp |
| 19:04 | Crear | Villager (Male) |
| 19:04 | Crear | Villager (Male) |
| 19:09 | Crear | Fishing Ship |
| 19:09 | Crear | Fishing Ship |
| 19:09 | Crear | Fishing Ship |
| 19:10 | Crear | Fishing Ship |
| 19:20 | Construir | Fish Trap |
| 19:23 | Construir | Fish Trap |
| 19:25 | Investigar | War Galley (upgrade) |
| 19:39 | Crear | Villager (Male) |
| 19:40 | Crear | Villager (Male) |
| 19:48 | Crear | Villager (Male) |
| 19:56 | Construir | Fish Trap |
| 20:01 | Construir | Fish Trap |
| 20:01 | Crear | Villager (Male) |
| 20:05 | Crear | Demolition Raft |
| 20:05 | Crear | Demolition Raft |
| 20:05 | Crear | Demolition Raft |
| 20:11 | Crear | Fishing Ship |
| 20:11 | Crear | Fishing Ship |
| 20:11 | Crear | Fishing Ship |
| 20:11 | Crear | Fishing Ship |
| 20:26 | Crear | Villager (Male) |
| 20:33 | Construir | Town Center |
| 20:48 | Investigar | War Galley (upgrade) |
| 21:02 | Crear | Villager (Male) |
| 21:02 | Crear | Villager (Male) |
| 21:03 | Crear | Villager (Male) |
| 21:05 | Construir | Fish Trap |
| 21:05 | Construir | Fish Trap |
| 21:12 | Construir | Fish Trap |
| 21:14 | Construir | Fish Trap |
| 21:22 | Construir | Fish Trap |
| 21:27 | Construir | Farm |
| 21:28 | Construir | Farm |
| 21:29 | Construir | Farm |
| 21:30 | Construir | Farm |
| 21:31 | Crear | Villager (Male) |
| 21:33 | Construir | Farm |
| 21:34 | Construir | Farm |
| 21:37 | Construir | Farm |
| 21:40 | Construir | House |
| 21:41 | Crear | Villager (Male) |
Build order — Ux'Max <3
Primeras 150 de 387 acciones detectadas
| 0:01 | Crear | Villager (Male) |
| 0:01 | Crear | Villager (Male) |
| 0:03 | Construir | House |
| 0:04 | Construir | House |
| 0:10 | Crear | Villager (Male) |
| 0:10 | Crear | Villager (Male) |
| 1:24 | Crear | Villager (Male) |
| 2:10 | Crear | Villager (Male) |
| 2:10 | Crear | Villager (Male) |
| 2:26 | Crear | Villager (Male) |
| 2:29 | Construir | Lumber Camp |
| 2:54 | Crear | Villager (Male) |
| 3:23 | Crear | Villager (Male) |
| 3:51 | Crear | Villager (Male) |
| 4:13 | Crear | Villager (Male) |
| 4:19 | Construir | House |
| 4:20 | Construir | House |
| 4:21 | Construir | House |
| 4:39 | Crear | Villager (Male) |
| 4:46 | Construir | Mill |
| 5:05 | Crear | Villager (Male) |
| 5:24 | Crear | Villager (Male) |
| 5:49 | Crear | Villager (Male) |
| 5:58 | Crear | Villager (Male) |
| 6:05 | Construir | Lumber Camp |
| 6:35 | Crear | Villager (Male) |
| 7:03 | Crear | Villager (Male) |
| 7:16 | Crear | Villager (Male) |
| 7:42 | Construir | Farm |
| 7:55 | Crear | Villager (Male) |
| 8:03 | Construir | Farm |
| 8:05 | Crear | Villager (Male) |
| 8:05 | Crear | Villager (Male) |
| 8:28 | Construir | Farm |
| 9:01 | Construir | Mining Camp |
| 9:16 | Crear | Villager (Male) |
| 9:42 | Investigar | Feudal Age |
| 11:20 | Construir | House |
| 11:21 | Construir | House |
| 11:36 | Crear | Villager (Male) |
| 11:37 | Crear | Villager (Male) |
| 11:52 | Edad | Edad Feudal |
| 11:55 | Construir | Market |
| 11:57 | Construir | Blacksmith |
| 12:32 | Construir | House |
| 12:41 | Construir | House |
| 12:42 | Construir | House |
| 12:46 | Investigar | Castle Age |
| 12:46 | Investigar | Castle Age |
| 12:49 | Investigar | Double-Bit Axe |
| 14:35 | Construir | House |
| 14:36 | Construir | House |
| 14:38 | Construir | House |
| 14:42 | Investigar | Wheelbarrow |
| 15:26 | Edad | Edad de los Castillos |
| 15:27 | Construir | Town Center |
| 15:34 | Construir | Town Center |
| 15:45 | Construir | Town Center |
| 16:11 | Investigar | Bow Saw |
| 16:12 | Crear | Villager (Male) |
| 16:46 | Crear | Villager (Male) |
| 16:50 | Construir | Farm |
| 16:53 | Construir | Farm |
| 16:55 | Crear | Villager (Male) |
| 16:57 | Crear | Villager (Male) |
| 16:58 | Crear | Villager (Male) |
| 17:08 | Crear | Villager (Male) |
| 17:21 | Construir | Farm |
| 17:26 | Construir | Farm |
| 17:37 | Crear | Villager (Male) |
| 17:40 | Crear | Villager (Male) |
| 17:41 | Crear | Villager (Male) |
| 17:41 | Crear | Villager (Male) |
| 17:41 | Crear | Villager (Male) |
| 17:46 | Crear | Villager (Male) |
| 17:46 | Crear | Villager (Male) ×2 |
| 17:47 | Construir | Farm |
| 17:49 | Construir | Farm |
| 18:12 | Crear | Villager (Male) |
| 18:16 | Crear | Villager (Male) |
| 18:16 | Crear | Villager (Male) |
| 18:20 | Construir | Farm |
| 18:21 | Crear | Villager (Male) |
| 18:24 | Construir | Farm |
| 18:43 | Construir | Farm |
| 18:44 | Construir | Farm |
| 18:45 | Construir | Farm |
| 18:49 | Crear | Villager (Male) |
| 18:49 | Crear | Villager (Male) |
| 18:55 | Construir | Farm |
| 18:59 | Crear | Villager (Male) |
| 19:00 | Crear | Villager (Male) |
| 19:00 | Crear | Villager (Male) |
| 19:01 | Crear | Villager (Male) |
| 19:10 | Construir | Farm |
| 19:18 | Crear | Villager (Male) |
| 19:18 | Crear | Villager (Male) |
| 19:19 | Crear | Villager (Male) |
| 19:20 | Crear | Villager (Male) |
| 19:31 | Crear | Villager (Male) |
| 19:36 | Construir | Farm |
| 19:40 | Construir | Farm |
| 19:42 | Crear | Villager (Male) |
| 19:47 | Construir | Farm |
| 19:50 | Construir | Farm |
| 19:54 | Crear | Villager (Male) |
| 19:55 | Crear | Villager (Male) |
| 19:55 | Crear | Villager (Male) ×2 |
| 20:00 | Crear | Villager (Male) |
| 20:09 | Crear | Villager (Male) |
| 20:15 | Crear | Villager (Male) |
| 20:15 | Crear | Villager (Male) |
| 20:24 | Construir | Farm |
| 20:29 | Construir | Farm |
| 20:30 | Construir | Farm |
| 20:30 | Construir | Farm |
| 20:31 | Crear | Villager (Male) |
| 20:35 | Crear | Villager (Male) |
| 20:37 | Construir | Farm |
| 20:42 | Construir | Farm |
| 20:43 | Construir | Farm |
| 20:44 | Construir | Farm |
| 20:47 | Construir | Farm |
| 20:49 | Construir | Farm |
| 20:51 | Construir | Farm |
| 20:52 | Crear | Villager (Male) |
| 20:52 | Crear | Villager (Male) |
| 20:52 | Crear | Villager (Male) |
| 20:55 | Crear | Villager (Male) |
| 20:56 | Crear | Villager (Male) |
| 20:56 | Crear | Villager (Male) |
| 21:01 | Construir | Farm |
| 21:04 | Construir | Farm |
| 21:07 | Construir | Farm |
| 21:10 | Construir | Farm |
| 21:15 | Crear | Villager (Male) |
| 21:16 | Construir | Farm |
| 21:19 | Crear | Villager (Male) |
| 21:20 | Crear | Villager (Male) |
| 21:27 | Investigar | Padded Archer Armor |
| 21:27 | Investigar | Padded Archer Armor |
| 21:39 | Investigar | Hand Cart |
| 21:40 | Crear | Villager (Male) |
| 21:41 | Crear | Villager (Male) |
| 21:48 | Crear | Villager (Male) |
| 21:54 | Crear | Villager (Male) |
| 21:57 | Construir | Mining Camp |
| 21:59 | Crear | Villager (Male) |
| 22:05 | Crear | Villager (Male) |
| 22:12 | Crear | Villager (Male) |
Build order — _The_Lion
Primeras 150 de 222 acciones detectadas
| 0:01 | Crear | Villager (Male) |
| 0:01 | Crear | Villager (Male) |
| 0:03 | Construir | House |
| 0:04 | Construir | House |
| 0:18 | Investigar | Loom |
| 0:18 | Crear | Villager (Male) |
| 0:18 | Crear | Villager (Male) |
| 0:19 | Crear | Villager (Male) |
| 2:07 | Crear | Villager (Male) |
| 2:26 | Construir | Palisade Wall |
| 2:27 | Construir | Palisade Wall |
| 2:37 | Crear | Villager (Male) |
| 2:37 | Crear | Villager (Male) |
| 2:59 | Crear | Villager (Male) |
| 3:14 | Construir | Palisade Wall |
| 3:25 | Crear | Villager (Male) |
| 3:52 | Crear | Villager (Male) |
| 4:02 | Construir | House |
| 4:31 | Crear | Villager (Male) |
| 4:32 | Crear | Villager (Male) |
| 4:44 | Construir | Palisade Wall |
| 4:54 | Construir | Palisade Wall |
| 4:55 | Construir | Palisade Wall |
| 5:01 | Crear | Villager (Male) |
| 5:01 | Crear | Villager (Male) |
| 5:17 | Crear | Villager (Male) |
| 5:49 | Crear | Villager (Male) |
| 5:49 | Crear | Villager (Male) |
| 6:10 | Crear | Villager (Male) |
| 6:33 | Construir | Lumber Camp |
| 7:24 | Construir | House |
| 7:36 | Crear | Villager (Male) |
| 7:36 | Crear | Villager (Male) |
| 7:37 | Crear | Villager (Male) |
| 8:39 | Construir | Mining Camp |
| 9:02 | Crear | Villager (Male) |
| 9:20 | Investigar | Feudal Age |
| 9:23 | Construir | Mill |
| 10:08 | Construir | Mill |
| 10:49 | Crear | Villager (Male) |
| 10:52 | Construir | House |
| 11:37 | Edad | Edad Feudal |
| 11:38 | Construir | Market |
| 11:41 | Crear | Villager (Male) |
| 11:42 | Crear | Villager (Male) |
| 12:03 | Construir | Blacksmith |
| 13:21 | Investigar | Castle Age |
| 14:20 | Construir | Watch Tower |
| 14:27 | Crear | Villager (Male) |
| 14:28 | Crear | Villager (Male) |
| 16:01 | Edad | Edad de los Castillos |
| 16:08 | Construir | House |
| 16:21 | Crear | Villager (Male) |
| 17:05 | Construir | Castle |
| 17:12 | Construir | Siege Workshop |
| 17:25 | Crear | Villager (Male) |
| 17:25 | Crear | Villager (Male) |
| 17:29 | Construir | Mining Camp |
| 18:08 | Construir | Lumber Camp |
| 18:25 | Crear | Battering Ram |
| 18:28 | Crear | Hussite Wagon |
| 18:29 | Crear | Villager (Male) |
| 18:32 | Construir | Mining Camp |
| 18:37 | Construir | Mining Camp |
| 18:39 | Crear | Villager (Male) |
| 18:39 | Crear | Villager (Male) |
| 18:41 | Construir | Farm |
| 18:42 | Construir | Farm |
| 19:03 | Crear | Hussite Wagon |
| 19:27 | Crear | Hussite Wagon |
| 19:28 | Crear | Hussite Wagon |
| 19:57 | Crear | Hussite Wagon |
| 20:17 | Crear | Mangonel |
| 20:32 | Crear | Villager (Male) |
| 20:32 | Crear | Villager (Male) |
| 20:33 | Crear | Villager (Male) |
| 20:35 | Construir | Farm |
| 20:36 | Construir | Farm |
| 21:00 | Construir | House |
| 21:25 | Crear | Hussite Wagon |
| 21:25 | Crear | Hussite Wagon |
| 21:32 | Crear | Villager (Male) |
| 21:32 | Crear | Villager (Male) |
| 21:32 | Crear | Villager (Male) |
| 21:42 | Crear | Mangonel |
| 21:52 | Crear | Villager (Male) |
| 21:52 | Crear | Villager (Male) |
| 21:56 | Construir | Farm |
| 22:33 | Crear | Mangonel |
| 22:35 | Crear | Villager (Male) |
| 22:35 | Crear | Villager (Male) |
| 22:38 | Construir | Mining Camp |
| 22:43 | Crear | Villager (Male) |
| 22:44 | Crear | Villager (Male) |
| 24:08 | Crear | Hussite Wagon |
| 24:10 | Crear | Villager (Male) |
| 24:10 | Crear | Villager (Male) |
| 24:13 | Construir | Lumber Camp |
| 24:18 | Construir | Mining Camp |
| 24:37 | Crear | Battering Ram |
| 24:40 | Crear | Mangonel |
| 26:29 | Construir | Mining Camp |
| 26:41 | Investigar | Imperial Age |
| 28:02 | Construir | Lumber Camp |
| 28:06 | Investigar | Double-Bit Axe |
| 29:00 | Construir | Siege Workshop |
| 29:01 | Construir | Siege Workshop |
| 29:06 | Construir | University |
| 29:26 | Construir | Mining Camp |
| 29:45 | Crear | Villager (Male) |
| 29:45 | Crear | Villager (Male) |
| 29:51 | Edad | Edad Imperial |
| 29:55 | Construir | House |
| 29:55 | Construir | House |
| 29:55 | Construir | House |
| 29:56 | Construir | House |
| 29:57 | Construir | House |
| 30:03 | Investigar | Chemistry |
| 30:09 | Construir | House |
| 30:13 | Construir | House |
| 30:15 | Construir | House |
| 30:27 | Construir | House |
| 30:27 | Construir | House |
| 30:28 | Construir | House |
| 30:59 | Construir | Barracks |
| 31:00 | Construir | Barracks |
| 31:12 | Crear | Villager (Male) |
| 31:12 | Crear | Villager (Male) |
| 31:13 | Crear | Villager (Male) |
| 31:22 | Investigar | Forging |
| 31:36 | Construir | House |
| 31:36 | Construir | House |
| 31:37 | Construir | House |
| 31:51 | Crear | Bombard Cannon |
| 31:52 | Crear | Bombard Cannon |
| 31:55 | Crear | Spearman |
| 31:55 | Crear | Spearman |
| 32:13 | Crear | Spearman |
| 32:13 | Crear | Spearman |
| 32:33 | Construir | Siege Workshop |
| 32:41 | Investigar | Pikeman (upgrade) |
| 33:03 | Crear | Bombard Cannon |
| 33:03 | Crear | Bombard Cannon |
| 33:09 | Crear | Spearman |
| 33:09 | Crear | Spearman |
| 33:27 | Crear | Bombard Cannon |
| 33:27 | Crear | Bombard Cannon |
| 33:33 | Crear | Spearman |
| 33:33 | Crear | Spearman |
| 33:50 | Crear | Scorpion |
Build order — Freidle
Primeras 150 de 477 acciones detectadas
| 0:01 | Crear | Villager (Male) |
| 0:02 | Crear | Villager (Male) |
| 0:02 | Crear | Villager (Male) |
| 0:02 | Crear | Villager (Male) |
| 0:04 | Construir | House |
| 0:05 | Construir | House |
| 1:37 | Investigar | Loom |
| 1:38 | Crear | Villager (Male) |
| 2:31 | Crear | Villager (Male) |
| 2:42 | Construir | Palisade Wall |
| 2:43 | Construir | Palisade Wall |
| 2:47 | Crear | Villager (Male) |
| 3:16 | Crear | Villager (Male) |
| 3:34 | Construir | Lumber Camp |
| 3:36 | Crear | Villager (Male) |
| 4:23 | Crear | Villager (Male) |
| 4:36 | Construir | Palisade Wall |
| 4:43 | Construir | Palisade Wall |
| 5:08 | Crear | Villager (Male) |
| 5:18 | Construir | House |
| 5:18 | Crear | Villager (Male) |
| 6:11 | Crear | Villager (Male) |
| 6:23 | Crear | Villager (Male) |
| 6:23 | Crear | Villager (Male) |
| 6:50 | Crear | Villager (Male) |
| 7:07 | Construir | Dock |
| 7:28 | Crear | Villager (Male) |
| 7:29 | Crear | Villager (Male) |
| 7:32 | Construir | Palisade Wall |
| 7:34 | Construir | Palisade Wall |
| 7:35 | Construir | Palisade Wall |
| 7:41 | Crear | Villager (Male) |
| 7:48 | Construir | Palisade Wall |
| 7:49 | Construir | Palisade Wall |
| 7:49 | Construir | Palisade Wall |
| 7:57 | Construir | Palisade Wall |
| 8:02 | Construir | Palisade Wall |
| 8:09 | Crear | Fishing Ship |
| 8:24 | Construir | Palisade Wall |
| 8:24 | Construir | Palisade Wall |
| 8:25 | Construir | Palisade Wall |
| 8:26 | Construir | Palisade Wall |
| 8:27 | Construir | Palisade Wall |
| 8:27 | Construir | Palisade Wall |
| 8:48 | Crear | Villager (Male) |
| 9:02 | Construir | House |
| 9:11 | Crear | Villager (Male) |
| 9:11 | Crear | Villager (Male) |
| 10:06 | Crear | Villager (Male) |
| 10:33 | Construir | Barracks |
| 10:36 | Crear | Villager (Male) |
| 10:44 | Crear | Villager (Male) |
| 11:11 | Construir | Mining Camp |
| 11:12 | Investigar | Feudal Age |
| 11:22 | Construir | House |
| 11:35 | Crear | Militia |
| 11:35 | Crear | Militia |
| 11:54 | Construir | Mill |
| 12:04 | Crear | Militia |
| 12:47 | Construir | Farm |
| 12:49 | Construir | Farm |
| 12:51 | Construir | Farm |
| 13:24 | Crear | Villager (Male) |
| 13:26 | Crear | Villager (Male) |
| 13:36 | Edad | Edad Feudal |
| 13:39 | Crear | Villager (Male) |
| 13:44 | Construir | Stone Wall |
| 13:45 | Construir | Stone Wall |
| 13:45 | Construir | Stone Wall |
| 13:46 | Construir | Stone Wall |
| 13:46 | Construir | Stone Wall |
| 13:48 | Investigar | Man-at-Arms (upgrade) |
| 13:54 | Construir | Archery Range |
| 14:00 | Construir | Farm |
| 14:01 | Construir | Farm |
| 14:05 | Construir | Farm |
| 14:14 | Investigar | Double-Bit Axe |
| 14:18 | Construir | Stone Wall |
| 14:18 | Construir | Stone Wall |
| 14:19 | Construir | Stone Wall |
| 14:20 | Construir | Stone Wall |
| 14:25 | Investigar | Arson |
| 14:28 | Crear | Villager (Male) |
| 14:31 | Construir | Blacksmith |
| 14:35 | Construir | House |
| 14:35 | Construir | House |
| 14:39 | Crear | Villager (Male) |
| 14:47 | Crear | Archer |
| 14:57 | Crear | Archer |
| 15:00 | Crear | Villager (Male) |
| 15:09 | Crear | Archer |
| 15:14 | Crear | Militia |
| 15:21 | Investigar | Fletching |
| 15:23 | Construir | Farm |
| 15:38 | Construir | Stone Wall |
| 15:39 | Construir | Stone Wall |
| 15:40 | Construir | Stone Wall |
| 15:41 | Construir | Stone Wall |
| 15:43 | Construir | Stone Wall |
| 15:43 | Construir | Stone Wall |
| 15:44 | Construir | Stone Wall |
| 15:45 | Construir | Stone Wall |
| 15:45 | Construir | Stone Wall |
| 15:46 | Construir | Stone Wall |
| 15:46 | Construir | Stone Wall |
| 15:46 | Construir | Stone Wall |
| 15:47 | Crear | Villager (Male) |
| 15:48 | Crear | Villager (Male) |
| 15:53 | Crear | Archer |
| 16:09 | Crear | Villager (Male) |
| 16:10 | Crear | Villager (Male) |
| 16:35 | Crear | Archer |
| 16:44 | Crear | Villager (Male) |
| 16:50 | Crear | Archer |
| 17:08 | Construir | House |
| 17:09 | Construir | House |
| 17:12 | Crear | Archer |
| 17:20 | Construir | Farm |
| 17:22 | Construir | Farm |
| 17:24 | Construir | Farm |
| 17:25 | Crear | Villager (Male) |
| 17:30 | Investigar | Horse Collar |
| 17:38 | Construir | House |
| 17:52 | Crear | Militia |
| 17:53 | Crear | Militia |
| 18:02 | Construir | Mining Camp |
| 18:22 | Crear | Archer |
| 18:33 | Crear | Villager (Male) |
| 18:36 | Construir | Farm |
| 19:01 | Crear | Archer |
| 19:02 | Crear | Villager (Male) |
| 19:06 | Construir | Farm |
| 19:07 | Construir | Farm |
| 19:27 | Crear | Militia |
| 19:57 | Construir | Mill |
| 20:18 | Investigar | Castle Age |
| 20:55 | Crear | Archer |
| 20:56 | Crear | Villager (Male) |
| 20:56 | Crear | Villager (Male) |
| 21:06 | Construir | Lumber Camp |
| 21:12 | Crear | Militia |
| 21:18 | Crear | Archer |
| 21:26 | Crear | Militia |
| 21:52 | Crear | Militia |
| 22:05 | Crear | Archer |
| 22:26 | Crear | Militia |
| 22:35 | Crear | Militia |
| 22:47 | Investigar | Wheelbarrow |
| 22:53 | Crear | Archer |
| 22:58 | Edad | Edad de los Castillos |
Build order — T1m
Primeras 150 de 390 acciones detectadas
| 0:01 | Crear | Villager (Male) |
| 0:01 | Crear | Villager (Male) |
| 0:01 | Crear | Villager (Male) |
| 0:02 | Construir | House |
| 0:03 | Construir | House |
| 0:08 | Crear | Villager (Male) |
| 0:09 | Crear | Villager (Male) |
| 1:28 | Crear | Villager (Male) |
| 1:28 | Crear | Villager (Male) |
| 1:44 | Construir | Lumber Camp |
| 1:57 | Crear | Villager (Male) |
| 1:58 | Crear | Villager (Male) |
| 2:18 | Crear | Villager (Male) |
| 2:18 | Crear | Villager (Male) |
| 2:45 | Crear | Villager (Male) |
| 3:01 | Crear | Villager (Male) |
| 3:41 | Crear | Villager (Male) |
| 3:41 | Crear | Villager (Male) |
| 3:54 | Crear | Villager (Male) |
| 3:54 | Crear | Villager (Male) |
| 4:14 | Construir | Mill |
| 4:16 | Construir | House |
| 4:23 | Crear | Villager (Male) |
| 4:49 | Crear | Villager (Male) |
| 5:01 | Crear | Villager (Male) |
| 5:21 | Crear | Villager (Male) |
| 5:27 | Construir | House |
| 6:13 | Crear | Villager (Male) |
| 6:28 | Crear | Villager (Male) |
| 6:47 | Crear | Villager (Male) |
| 7:22 | Crear | Villager (Male) |
| 7:36 | Construir | Mining Camp |
| 7:44 | Crear | Villager (Male) |
| 8:07 | Crear | Villager (Male) |
| 8:29 | Investigar | Feudal Age |
| 9:37 | Construir | House |
| 9:46 | Crear | Villager (Male) |
| 10:58 | Edad | Edad Feudal |
| 11:00 | Construir | Market |
| 11:03 | Construir | Blacksmith |
| 11:08 | Crear | Villager (Male) |
| 11:23 | Investigar | Double-Bit Axe |
| 11:48 | Investigar | Castle Age |
| 12:18 | Investigar | Horse Collar |
| 12:36 | Crear | Villager (Male) |
| 13:47 | Construir | Farm |
| 13:49 | Construir | Farm |
| 13:49 | Construir | Farm |
| 13:50 | Construir | Farm |
| 13:52 | Construir | Farm |
| 14:28 | Edad | Edad de los Castillos |
| 14:32 | Construir | Town Center |
| 14:36 | Crear | Villager (Male) |
| 14:48 | Construir | House |
| 14:55 | Crear | Villager (Male) |
| 15:03 | Construir | Town Center |
| 15:05 | Crear | Villager (Male) |
| 15:39 | Construir | House |
| 15:45 | Crear | Villager (Male) |
| 15:49 | Investigar | Bow Saw |
| 15:51 | Crear | Villager (Male) |
| 15:54 | Crear | Villager (Male) |
| 15:54 | Crear | Villager (Male) |
| 16:00 | Crear | Villager (Male) |
| 16:14 | Crear | Villager (Male) |
| 16:18 | Construir | Farm |
| 16:26 | Crear | Villager (Male) |
| 16:31 | Crear | Villager (Male) |
| 16:34 | Construir | Farm |
| 16:36 | Crear | Villager (Male) |
| 16:41 | Construir | House |
| 16:46 | Construir | House |
| 16:49 | Crear | Villager (Male) |
| 16:51 | Construir | Farm |
| 16:53 | Construir | Farm |
| 16:56 | Crear | Villager (Male) |
| 16:58 | Construir | Farm |
| 17:04 | Construir | Farm |
| 17:17 | Investigar | Wheelbarrow |
| 17:23 | Construir | Farm |
| 17:25 | Construir | Farm |
| 17:29 | Construir | House |
| 17:30 | Construir | House |
| 17:34 | Construir | Farm |
| 17:37 | Crear | Villager (Male) |
| 17:37 | Crear | Villager (Male) |
| 17:49 | Crear | Villager (Male) |
| 17:49 | Crear | Villager (Male) |
| 17:53 | Construir | Farm |
| 17:58 | Construir | Farm |
| 18:00 | Construir | Farm |
| 18:03 | Construir | Farm |
| 18:09 | Construir | Farm |
| 18:10 | Crear | Villager (Male) |
| 18:13 | Construir | Farm |
| 18:16 | Crear | Villager (Male) |
| 18:22 | Crear | Villager (Male) |
| 18:28 | Construir | Farm |
| 18:29 | Crear | Villager (Male) |
| 18:29 | Crear | Villager (Male) |
| 18:36 | Construir | Farm |
| 18:39 | Construir | Farm |
| 18:45 | Crear | Villager (Male) |
| 18:55 | Crear | Villager (Male) |
| 18:56 | Crear | Villager (Male) |
| 19:03 | Crear | Villager (Male) |
| 19:04 | Crear | Villager (Male) |
| 19:18 | Crear | Villager (Male) |
| 19:18 | Crear | Villager (Male) |
| 19:19 | Crear | Villager (Male) |
| 19:32 | Construir | Town Center |
| 19:35 | Investigar | Loom |
| 19:36 | Investigar | Loom |
| 19:39 | Crear | Villager (Male) |
| 19:39 | Crear | Villager (Male) |
| 19:51 | Construir | Farm |
| 19:54 | Construir | Farm |
| 19:56 | Construir | Farm |
| 19:58 | Crear | Villager (Male) |
| 19:59 | Crear | Villager (Male) |
| 20:00 | Crear | Villager (Male) |
| 20:34 | Crear | Villager (Male) |
| 20:34 | Crear | Villager (Male) |
| 20:35 | Crear | Villager (Male) |
| 20:36 | Crear | Villager (Male) |
| 20:42 | Construir | Town Center |
| 20:51 | Crear | Villager (Male) |
| 20:51 | Crear | Villager (Male) |
| 20:54 | Construir | Farm |
| 21:00 | Crear | Villager (Male) |
| 21:03 | Construir | Farm |
| 21:03 | Crear | Villager (Male) |
| 21:03 | Crear | Villager (Male) |
| 21:09 | Crear | Villager (Male) |
| 21:09 | Crear | Villager (Male) |
| 21:17 | Construir | House |
| 21:18 | Construir | House |
| 21:19 | Construir | House |
| 21:19 | Construir | House |
| 21:42 | Crear | Villager (Male) |
| 21:42 | Crear | Villager (Male) |
| 21:44 | Crear | Villager (Male) |
| 21:45 | Crear | Villager (Male) |
| 22:02 | Construir | Mining Camp |
| 22:06 | Investigar | Hand Cart |
| 22:10 | Investigar | Town Watch |
| 22:12 | Crear | Villager (Male) |
| 22:12 | Crear | Villager (Male) |
| 22:13 | Crear | Villager (Male) |
| 22:13 | Crear | Villager (Male) |
Build order — Dk
Primeras 150 de 456 acciones detectadas
| 0:00 | Crear | Villager (Male) |
| 0:00 | Crear | Villager (Male) |
| 0:01 | Crear | Villager (Male) |
| 0:01 | Crear | Villager (Male) |
| 0:02 | Construir | House |
| 0:03 | Construir | House |
| 0:12 | Investigar | Loom |
| 0:15 | Crear | Villager (Male) |
| 0:23 | Crear | Villager (Male) |
| 0:26 | Crear | Villager (Male) |
| 1:48 | Construir | Palisade Wall |
| 2:12 | Crear | Villager (Male) |
| 2:51 | Construir | Palisade Wall |
| 2:57 | Construir | Palisade Wall |
| 3:00 | Construir | Palisade Wall |
| 3:03 | Crear | Villager (Male) |
| 3:09 | Construir | Palisade Wall |
| 3:29 | Crear | Villager (Male) |
| 3:30 | Crear | Villager (Male) |
| 4:33 | Construir | Palisade Wall |
| 4:55 | Crear | Villager (Male) |
| 5:06 | Crear | Villager (Male) |
| 5:28 | Construir | Palisade Wall |
| 5:34 | Crear | Villager (Male) |
| 5:59 | Crear | Villager (Male) |
| 6:19 | Construir | Lumber Camp |
| 6:26 | Crear | Villager (Male) |
| 6:26 | Crear | Villager (Male) |
| 6:43 | Crear | Villager (Male) |
| 7:07 | Construir | House |
| 7:43 | Crear | Villager (Male) |
| 7:45 | Crear | Villager (Male) |
| 8:30 | Construir | Palisade Wall |
| 8:33 | Construir | Palisade Wall |
| 8:36 | Construir | House |
| 8:42 | Construir | Dock |
| 8:43 | Crear | Villager (Male) |
| 8:54 | Construir | Palisade Wall |
| 8:55 | Construir | Palisade Wall |
| 9:06 | Crear | Villager (Male) |
| 9:06 | Crear | Villager (Male) |
| 9:32 | Construir | Palisade Wall |
| 9:32 | Construir | Palisade Wall |
| 9:33 | Construir | Palisade Wall |
| 9:33 | Construir | Palisade Wall |
| 9:37 | Crear | Villager (Male) |
| 9:37 | Crear | Villager (Male) |
| 9:39 | Crear | Fishing Ship |
| 9:49 | Construir | Palisade Wall |
| 9:57 | Crear | Villager (Male) |
| 10:05 | Crear | Fishing Ship |
| 10:15 | Construir | House |
| 10:19 | Construir | House |
| 10:21 | Crear | Villager (Male) |
| 10:31 | Construir | Palisade Wall |
| 10:58 | Construir | Lumber Camp |
| 11:34 | Crear | Villager (Male) |
| 11:48 | Construir | Mill |
| 11:59 | Crear | Villager (Male) |
| 12:21 | Construir | Mining Camp |
| 12:29 | Crear | Villager (Male) |
| 12:33 | Crear | Fishing Ship |
| 12:35 | Crear | Fishing Ship |
| 12:56 | Crear | Villager (Male) |
| 13:21 | Crear | Villager (Male) |
| 13:23 | Construir | Farm |
| 13:25 | Construir | Farm |
| 13:50 | Construir | Outpost |
| 13:56 | Investigar | Feudal Age |
| 15:43 | Crear | Villager (Male) |
| 16:06 | Edad | Edad Feudal |
| 16:13 | Construir | Market |
| 16:16 | Construir | Blacksmith |
| 16:19 | Construir | House |
| 16:26 | Construir | Palisade Wall |
| 16:26 | Construir | Palisade Wall |
| 16:29 | Crear | Villager (Male) |
| 17:13 | Investigar | Castle Age |
| 17:20 | Construir | Mining Camp |
| 17:23 | Investigar | Double-Bit Axe |
| 17:39 | Investigar | Horse Collar |
| 18:00 | Construir | Mining Camp |
| 18:04 | Investigar | Stone Mining |
| 18:20 | Construir | Fish Trap |
| 18:22 | Construir | Fish Trap |
| 18:24 | Construir | Fish Trap |
| 18:42 | Construir | House |
| 18:46 | Construir | House |
| 19:10 | Crear | Villager (Male) |
| 19:35 | Crear | Villager (Male) |
| 19:53 | Edad | Edad de los Castillos |
| 19:57 | Crear | Villager (Male) |
| 20:13 | Construir | Town Center |
| 20:44 | Crear | Villager (Male) |
| 20:45 | Investigar | Bow Saw |
| 20:58 | Construir | Town Center |
| 21:21 | Crear | Villager (Male) |
| 21:28 | Crear | Villager (Male) |
| 21:45 | Crear | Villager (Male) |
| 21:46 | Crear | Villager (Male) |
| 21:48 | Crear | Villager (Male) |
| 21:54 | Investigar | Heavy Plow |
| 22:12 | Construir | Castle |
| 22:15 | Crear | Villager (Male) |
| 22:52 | Crear | Villager (Male) |
| 23:05 | Construir | Farm |
| 23:05 | Construir | Farm |
| 23:06 | Construir | Farm |
| 23:06 | Construir | Farm |
| 23:06 | Construir | Farm |
| 23:18 | Construir | Farm |
| 23:18 | Construir | Farm |
| 23:18 | Construir | Farm |
| 23:19 | Construir | Farm |
| 23:19 | Construir | Farm |
| 23:19 | Construir | Farm |
| 23:19 | Construir | Farm |
| 23:23 | Construir | Farm |
| 23:27 | Construir | Farm |
| 23:29 | Crear | Villager (Male) |
| 23:29 | Crear | Villager (Male) |
| 23:32 | Crear | Villager (Male) |
| 23:33 | Crear | Villager (Male) |
| 23:33 | Crear | Villager (Male) |
| 23:42 | Crear | Villager (Male) |
| 23:57 | Construir | Fish Trap |
| 24:03 | Construir | Farm |
| 24:06 | Construir | Farm |
| 24:07 | Construir | Farm |
| 24:08 | Construir | Farm |
| 24:09 | Construir | Farm |
| 24:12 | Construir | Farm |
| 24:13 | Construir | Farm |
| 24:14 | Crear | Villager (Male) |
| 24:18 | Crear | Villager (Male) |
| 24:32 | Construir | Gate |
| 24:36 | Construir | Gate |
| 24:37 | Construir | Stone Wall |
| 24:38 | Construir | Stone Wall |
| 24:45 | Crear | Villager (Male) |
| 24:46 | Crear | Villager (Male) |
| 24:49 | Crear | Villager (Male) |
| 24:53 | Construir | Farm |
| 24:57 | Crear | Villager (Male) |
| 24:59 | Construir | Farm |
| 24:59 | Construir | Farm |
| 24:59 | Construir | Farm |
| 25:01 | Crear | Villager (Male) |
| 25:10 | Crear | Villager (Male) |
| 25:18 | Crear | Villager (Male) |
Build order — Ux'Nova
Primeras 150 de 293 acciones detectadas
| 0:00 | Crear | Villager (Male) |
| 0:01 | Crear | Villager (Male) |
| 0:01 | Crear | Villager (Male) |
| 0:01 | Crear | Villager (Male) |
| 0:02 | Construir | House |
| 0:03 | Construir | House |
| 0:29 | Investigar | Loom |
| 0:30 | Crear | Villager (Male) |
| 0:37 | Crear | Villager (Male) |
| 0:38 | Crear | Villager (Male) |
| 1:02 | Construir | Palisade Wall |
| 2:14 | Construir | Lumber Camp |
| 2:19 | Crear | Villager (Male) |
| 2:33 | Crear | Villager (Male) |
| 2:56 | Crear | Villager (Male) |
| 3:23 | Crear | Villager (Male) |
| 3:43 | Construir | House |
| 4:14 | Construir | Palisade Wall |
| 4:21 | Crear | Villager (Male) |
| 4:44 | Crear | Villager (Male) |
| 5:00 | Construir | House |
| 5:11 | Crear | Villager (Male) |
| 5:40 | Crear | Villager (Male) |
| 5:50 | Construir | Dock |
| 6:13 | Construir | Palisade Wall |
| 6:15 | Construir | Palisade Wall |
| 6:28 | Construir | Palisade Wall |
| 6:29 | Crear | Villager (Male) |
| 6:30 | Crear | Villager (Male) |
| 6:38 | Crear | Fishing Ship |
| 6:38 | Crear | Fishing Ship |
| 6:55 | Crear | Villager (Male) |
| 7:26 | Crear | Fishing Ship |
| 7:47 | Construir | Palisade Wall |
| 7:48 | Crear | Villager (Male) |
| 8:04 | Crear | Villager (Male) |
| 8:05 | Crear | Villager (Male) |
| 8:10 | Construir | House |
| 8:13 | Crear | Fishing Ship |
| 8:39 | Crear | Villager (Male) |
| 8:55 | Crear | Fishing Ship |
| 9:11 | Crear | Villager (Male) |
| 9:12 | Construir | Mill |
| 9:56 | Crear | Villager (Male) |
| 9:58 | Construir | Mining Camp |
| 10:03 | Construir | House |
| 10:05 | Construir | Palisade Wall |
| 10:15 | Crear | Villager (Male) |
| 10:31 | Crear | Villager (Male) |
| 10:33 | Construir | Lumber Camp |
| 11:07 | Crear | Villager (Male) |
| 11:35 | Crear | Villager (Male) |
| 11:39 | Crear | Villager (Male) |
| 12:04 | Crear | Villager (Male) |
| 12:07 | Construir | Farm |
| 12:10 | Construir | Farm |
| 12:19 | Construir | Farm |
| 12:42 | Construir | Farm |
| 12:45 | Crear | Villager (Male) |
| 12:46 | Crear | Villager (Male) |
| 12:48 | Construir | Farm |
| 12:52 | Construir | House |
| 13:30 | Construir | Mill |
| 13:42 | Crear | Villager (Male) |
| 13:53 | Crear | Villager (Male) |
| 14:00 | Investigar | Feudal Age |
| 14:10 | Construir | Farm |
| 14:10 | Construir | Farm |
| 14:11 | Construir | Farm |
| 14:20 | Construir | Farm |
| 15:38 | Construir | Palisade Wall |
| 15:45 | Construir | Palisade Wall |
| 16:17 | Edad | Edad Feudal |
| 16:21 | Construir | Stone Wall |
| 16:22 | Construir | Lumber Camp |
| 16:36 | Construir | Market |
| 16:42 | Construir | Blacksmith |
| 16:48 | Construir | Stone Wall |
| 16:52 | Construir | Stone Wall |
| 16:53 | Crear | Villager (Male) |
| 16:54 | Crear | Villager (Male) |
| 16:55 | Investigar | Double-Bit Axe |
| 16:59 | Construir | Fish Trap |
| 17:03 | Construir | Fish Trap |
| 17:07 | Construir | Fish Trap |
| 17:18 | Construir | Stone Wall |
| 17:22 | Construir | Stone Wall |
| 17:27 | Investigar | Castle Age |
| 17:36 | Construir | Stone Wall |
| 17:50 | Construir | Mining Camp |
| 18:10 | Construir | Stone Wall |
| 18:10 | Construir | Stone Wall |
| 18:10 | Construir | Stone Wall |
| 18:11 | Construir | Stone Wall |
| 18:11 | Construir | Stone Wall |
| 18:12 | Construir | Stone Wall |
| 18:20 | Construir | Fish Trap |
| 18:54 | Construir | Watch Tower |
| 19:38 | Construir | Watch Tower |
| 20:23 | Edad | Edad de los Castillos |
| 20:24 | Construir | Siege Workshop |
| 20:29 | Construir | University |
| 20:52 | Construir | Stone Wall |
| 20:55 | Construir | Stone Wall |
| 20:57 | Construir | Stone Wall |
| 21:00 | Construir | Stone Wall |
| 21:08 | Crear | Mangonel |
| 21:10 | Investigar | Imperial Age |
| 21:21 | Construir | Stone Wall |
| 21:24 | Construir | Stone Wall |
| 21:31 | Construir | Stone Wall |
| 21:39 | Construir | Stone Wall |
| 21:50 | Investigar | Chemistry |
| 21:50 | Investigar | Chemistry |
| 22:02 | Construir | Stone Wall |
| 22:02 | Construir | Stone Wall |
| 22:02 | Construir | Stone Wall |
| 22:02 | Construir | Stone Wall |
| 22:03 | Construir | Stone Wall |
| 22:03 | Construir | Stone Wall |
| 22:03 | Construir | Stone Wall |
| 22:04 | Construir | Stone Wall |
| 22:26 | Construir | Siege Workshop |
| 22:39 | Construir | Stone Wall |
| 22:39 | Construir | Stone Wall |
| 22:45 | Crear | Mangonel |
| 23:51 | Construir | Monastery |
| 23:53 | Investigar | Bow Saw |
| 24:16 | Construir | Stone Wall |
| 24:20 | Edad | Edad Imperial |
| 24:22 | Crear | Bombard Cannon |
| 24:25 | Crear | Villager (Male) |
| 24:42 | Investigar | Fervor |
| 24:54 | Crear | Bombard Cannon |
| 25:10 | Crear | Villager (Male) |
| 26:06 | Crear | Villager (Male) |
| 26:07 | Construir | Farm |
| 26:07 | Construir | Farm |
| 26:07 | Construir | Farm |
| 26:09 | Construir | Farm |
| 26:10 | Construir | Farm |
| 26:35 | Construir | Stone Wall |
| 26:41 | Crear | Villager (Male) |
| 26:41 | Crear | Villager (Male) |
| 27:09 | Crear | Bombard Cannon |
| 27:13 | Construir | House |
| 27:42 | Crear | Bombard Cannon |
| 27:44 | Construir | Market |
| 27:49 | Construir | Mining Camp |
| 28:14 | Construir | Dock |
Build order — DDDDD
Primeras 150 de 679 acciones detectadas
| 0:01 | Crear | Villager (Male) |
| 0:01 | Crear | Villager (Male) |
| 0:01 | Crear | Villager (Male) |
| 0:01 | Crear | Villager (Male) |
| 0:03 | Construir | House |
| 0:04 | Construir | House |
| 0:08 | Crear | Villager (Male) |
| 0:10 | Crear | Villager (Male) |
| 0:40 | Construir | Lumber Camp |
| 1:42 | Crear | Villager (Male) |
| 1:42 | Crear | Villager (Male) |
| 1:42 | Crear | Villager (Male) |
| 2:25 | Crear | Villager (Male) |
| 2:49 | Crear | Villager (Male) |
| 2:50 | Crear | Villager (Male) |
| 3:17 | Crear | Villager (Male) |
| 3:18 | Crear | Villager (Male) |
| 3:20 | Construir | Dock |
| 3:48 | Construir | House |
| 3:51 | Crear | Villager (Male) |
| 3:52 | Crear | Villager (Male) |
| 4:11 | Crear | Fishing Ship |
| 4:21 | Construir | House |
| 4:23 | Crear | Villager (Male) |
| 4:24 | Crear | Villager (Male) |
| 4:59 | Crear | Villager (Male) |
| 5:00 | Crear | Villager (Male) |
| 5:09 | Crear | Fishing Ship |
| 5:09 | Crear | Fishing Ship |
| 5:13 | Crear | Villager (Male) |
| 5:14 | Crear | Villager (Male) |
| 5:34 | Crear | Fishing Ship |
| 5:42 | Crear | Villager (Male) |
| 5:42 | Crear | Villager (Male) |
| 6:01 | Crear | Villager (Male) |
| 6:01 | Crear | Villager (Male) |
| 6:21 | Construir | House |
| 6:24 | Crear | Villager (Male) |
| 6:24 | Crear | Villager (Male) |
| 6:56 | Crear | Villager (Male) |
| 6:57 | Crear | Villager (Male) |
| 7:00 | Crear | Fishing Ship |
| 7:06 | Crear | Fishing Ship |
| 7:12 | Investigar | Loom |
| 7:12 | Investigar | Loom |
| 7:39 | Construir | Mining Camp |
| 7:45 | Crear | Villager (Male) |
| 8:00 | Crear | Villager (Male) |
| 8:01 | Crear | Villager (Male) |
| 8:14 | Crear | Villager (Male) |
| 8:27 | Crear | Villager (Male) |
| 8:29 | Construir | Lumber Camp |
| 9:02 | Construir | House |
| 9:06 | Crear | Fishing Ship |
| 9:34 | Construir | House |
| 9:51 | Investigar | Feudal Age |
| 9:51 | Investigar | Feudal Age |
| 11:15 | Construir | Mill |
| 11:23 | Crear | Villager (Male) |
| 11:23 | Crear | Villager (Male) |
| 12:06 | Edad | Edad Feudal |
| 12:12 | Construir | Market |
| 12:18 | Construir | Blacksmith |
| 12:28 | Construir | Fish Trap |
| 12:30 | Construir | Fish Trap |
| 12:31 | Construir | Fish Trap |
| 12:36 | Crear | Villager (Male) |
| 12:47 | Construir | Fish Trap |
| 12:48 | Crear | Fishing Ship |
| 12:54 | Construir | House |
| 12:56 | Construir | Palisade Wall |
| 12:57 | Construir | Palisade Wall |
| 13:16 | Investigar | Castle Age |
| 13:17 | Investigar | Castle Age |
| 13:20 | Construir | Palisade Wall |
| 13:38 | Construir | Fish Trap |
| 13:40 | Construir | Fish Trap |
| 13:42 | Crear | Fishing Ship |
| 14:08 | Investigar | Double-Bit Axe |
| 14:08 | Investigar | Double-Bit Axe |
| 14:31 | Construir | House |
| 14:38 | Crear | Villager (Male) |
| 14:49 | Investigar | Tech 906 |
| 14:49 | Investigar | Tech 906 |
| 14:51 | Construir | Fish Trap |
| 14:59 | Construir | House |
| 15:01 | Construir | House |
| 15:07 | Construir | House |
| 15:09 | Construir | Stone Wall |
| 16:01 | Edad | Edad de los Castillos |
| 16:02 | Construir | Town Center |
| 16:13 | Construir | Town Center |
| 16:16 | Construir | House |
| 16:20 | Construir | Palisade Wall |
| 16:24 | Crear | Villager (Male) |
| 16:25 | Crear | Villager (Male) |
| 16:28 | Construir | Palisade Gate |
| 16:32 | Construir | House |
| 16:36 | Construir | Palisade Wall |
| 16:48 | Investigar | Bow Saw |
| 16:48 | Investigar | Bow Saw |
| 16:52 | Crear | Villager (Male) |
| 17:10 | Crear | Villager (Male) |
| 17:17 | Crear | Villager (Male) |
| 17:18 | Crear | Villager (Male) |
| 17:20 | Crear | Villager (Male) |
| 17:23 | Construir | Siege Workshop |
| 17:33 | Construir | House |
| 17:34 | Construir | House |
| 17:40 | Crear | Villager (Male) |
| 17:48 | Crear | Villager (Male) |
| 17:55 | Construir | Fish Trap |
| 17:56 | Crear | Fishing Ship |
| 17:59 | Construir | House |
| 18:00 | Construir | House |
| 18:01 | Crear | Villager (Male) |
| 18:04 | Crear | Scorpion |
| 18:18 | Investigar | Wheelbarrow |
| 18:18 | Investigar | Wheelbarrow |
| 18:19 | Crear | Villager (Male) |
| 18:33 | Crear | Scorpion |
| 18:48 | Construir | Monastery |
| 18:55 | Crear | Villager (Male) |
| 18:59 | Crear | Villager (Male) |
| 19:11 | Investigar | Horse Collar |
| 19:11 | Investigar | Horse Collar |
| 19:11 | Crear | Villager (Male) |
| 19:16 | Construir | Lumber Camp |
| 19:18 | Crear | Villager (Male) |
| 19:28 | Construir | Fish Trap |
| 19:33 | Crear | Villager (Male) |
| 19:42 | Crear | Villager (Male) |
| 19:52 | Crear | Villager (Male) |
| 20:02 | Crear | Villager (Male) |
| 20:21 | Crear | Scorpion |
| 20:35 | Crear | Villager (Male) |
| 20:42 | Crear | Villager (Male) |
| 20:52 | Crear | Villager (Male) |
| 21:03 | Investigar | Heavy Plow |
| 21:03 | Investigar | Heavy Plow |
| 21:04 | Crear | Villager (Male) |
| 21:09 | Construir | Town Center |
| 21:14 | Crear | Scorpion |
| 21:14 | Crear | Scorpion |
| 21:22 | Crear | Villager (Male) |
| 21:24 | Crear | Villager (Male) |
| 21:36 | Crear | Villager (Male) |
| 21:39 | Investigar | Gold Mining |
| 21:40 | Investigar | Gold Mining |
| 21:40 | Crear | Villager (Male) |
Cronología de la partida
| 1:02 | Ux'Nova · wall_segment Palisade Wall x9 |
| 1:48 | Dk · wall_segment Palisade Wall x4 |
| 2:26 | _The_Lion · wall_segment Palisade Wall x7 |
| 2:27 | _The_Lion · wall_segment Palisade Wall x5 |
| 2:42 | Freidle · wall_segment Palisade Wall x1 |
| 2:43 | Freidle · wall_segment Palisade Wall x1 |
| 2:51 | Dk · wall_segment Palisade Wall x1 |
| 2:57 | Dk · wall_segment Palisade Wall x1 |
| 3:00 | Dk · wall_segment Palisade Wall x1 |
| 3:09 | Dk · wall_segment Palisade Wall x1 |
| 3:14 | _The_Lion · wall_segment Palisade Wall x8 |
| 3:20 | DDDDD · first_building Dock |
| 4:14 | Ux'Nova · wall_segment Palisade Wall x5 |
| 4:33 | Dk · wall_segment Palisade Wall x1 |
| 4:36 | Freidle · wall_segment Palisade Wall x7 |
| 4:43 | Freidle · wall_segment Palisade Wall x1 |
| 4:44 | _The_Lion · wall_segment Palisade Wall x7 |
| 4:54 | _The_Lion · wall_segment Palisade Wall x6 |
| 4:55 | _The_Lion · wall_segment Palisade Wall x5 |
| 5:28 | Dk · wall_segment Palisade Wall x1 |
| 5:50 | Ux'Nova · first_building Dock |
| 6:13 | Ux'Nova · wall_segment Palisade Wall x1 |
| 6:15 | Ux'Nova · wall_segment Palisade Wall x1 |
| 6:28 | Ux'Nova · wall_segment Palisade Wall x6 |
| 7:07 | Freidle · first_building Dock |
| 7:12 | Ux´zSharck · first_building Dock |
| 7:32 | Freidle · wall_segment Palisade Wall x1 |
| 7:34 | Freidle · wall_segment Palisade Wall x1 |
| 7:35 | Freidle · wall_segment Palisade Wall x1 |
| 7:47 | Ux'Nova · wall_segment Palisade Wall x8 |
| 7:48 | Freidle · wall_segment Palisade Wall x1 |
| 7:49 | Freidle · wall_segment Palisade Wall x1 |
| 7:49 | Freidle · wall_segment Palisade Wall x1 |
| 7:57 | Freidle · wall_segment Palisade Wall x1 |
| 8:02 | Freidle · wall_segment Palisade Wall x1 |
| 8:24 | Freidle · wall_segment Palisade Wall x1 |
| 8:24 | Freidle · wall_segment Palisade Wall x1 |
| 8:25 | Freidle · wall_segment Palisade Wall x1 |
| 8:26 | Freidle · wall_segment Palisade Wall x1 |
| 8:27 | Freidle · wall_segment Palisade Wall x1 |
| 8:27 | Freidle · wall_segment Palisade Wall x1 |
| 8:30 | Dk · wall_segment Palisade Wall x1 |
| 8:33 | Dk · wall_segment Palisade Wall x1 |
| 8:42 | Dk · first_building Dock |
| 8:54 | Dk · wall_segment Palisade Wall x1 |
| 8:55 | Dk · wall_segment Palisade Wall x1 |
| 9:32 | Dk · wall_segment Palisade Wall x1 |
| 9:32 | Dk · wall_segment Palisade Wall x1 |
| 9:33 | Dk · wall_segment Palisade Wall x1 |
| 9:33 | Dk · wall_segment Palisade Wall x1 |
| 9:49 | Dk · wall_segment Palisade Wall x1 |
| 10:05 | Ux'Nova · wall_segment Palisade Wall x9 |
| 10:31 | Dk · wall_segment Palisade Wall x1 |
| 10:33 | Freidle · first_building Barracks |
| 10:58 | T1m · age_up feudal |
| 11:37 | _The_Lion · age_up feudal |
| 11:46 | Ux´zSharck · age_up feudal |
| 11:52 | Ux'Max <3 · age_up feudal |
| 12:06 | DDDDD · age_up feudal |
| 12:31 | _The_Lion · first_market_sell 100 stone |
| 12:37 | Ux´zSharck · first_market_sell 100 food |
| 12:56 | DDDDD · wall_segment Palisade Wall x1 |
| 12:57 | DDDDD · wall_segment Palisade Wall x1 |
| 12:58 | _The_Lion · first_market_buy 100 food |
| 13:20 | DDDDD · wall_segment Palisade Wall x1 |
| 13:36 | Freidle · age_up feudal |
| 13:44 | Freidle · wall_segment Stone Wall x1 |
| 13:45 | Freidle · wall_segment Stone Wall x1 |
| 13:45 | Freidle · wall_segment Stone Wall x1 |
| 13:46 | Freidle · wall_segment Stone Wall x1 |
| 13:46 | Freidle · wall_segment Stone Wall x1 |
| 13:54 | Freidle · first_building Archery Range |
| 14:18 | Freidle · wall_segment Stone Wall x1 |
| 14:18 | Freidle · wall_segment Stone Wall x1 |
| 14:19 | Freidle · wall_segment Stone Wall x1 |
| 14:20 | Freidle · wall_segment Stone Wall x1 |
| 14:28 | T1m · age_up castle |
| 15:09 | DDDDD · wall_segment Stone Wall x1 |
| 15:18 | Ux´zSharck · age_up castle |
| 15:26 | Ux'Max <3 · age_up castle |
| 15:38 | Freidle · wall_segment Stone Wall x1 |
| 15:38 | Ux'Nova · wall_segment Palisade Wall x11 |
| 15:39 | Freidle · wall_segment Stone Wall x1 |
| 15:40 | Freidle · wall_segment Stone Wall x1 |
| 15:41 | Freidle · wall_segment Stone Wall x1 |
| 15:42 | Ux'Max <3 · first_market_buy 100 stone |
| 15:43 | Freidle · wall_segment Stone Wall x1 |
| 15:43 | Freidle · wall_segment Stone Wall x1 |
| 15:44 | Freidle · wall_segment Stone Wall x1 |
| 15:45 | Freidle · wall_segment Stone Wall x1 |
| 15:45 | Freidle · wall_segment Stone Wall x1 |
| 15:45 | Ux'Nova · wall_segment Palisade Wall x8 |
| 15:46 | Freidle · wall_segment Stone Wall x1 |
| 15:46 | Freidle · wall_segment Stone Wall x1 |
| 15:46 | Freidle · wall_segment Stone Wall x1 |
| 16:01 | DDDDD · age_up castle |
| 16:01 | _The_Lion · age_up castle |
| 16:06 | Dk · age_up feudal |
| 16:17 | Ux'Nova · age_up feudal |
| 16:20 | DDDDD · wall_segment Palisade Wall x1 |
| 16:21 | Ux'Nova · wall_segment Stone Wall x6 |
| 16:26 | Dk · wall_segment Palisade Wall x1 |
| 16:26 | Dk · wall_segment Palisade Wall x1 |
| 16:36 | DDDDD · wall_segment Palisade Wall x1 |
| 16:48 | Ux'Nova · wall_segment Stone Wall x5 |
| 16:52 | Ux'Nova · wall_segment Stone Wall x3 |
| 17:05 | _The_Lion · first_building Castle |
| 17:12 | _The_Lion · first_building Siege Workshop |
| 17:18 | Ux'Nova · wall_segment Stone Wall x1 |
| 17:22 | Ux'Nova · wall_segment Stone Wall x10 |
| 17:22 | Ux´zSharck · first_market_buy 100 food |
| 17:23 | DDDDD · first_building Siege Workshop |
| 17:24 | Ux'Nova · first_market_buy 100 stone |
| 17:25 | Ux'Nova · first_market_sell 100 food |
| 17:36 | Ux'Nova · wall_segment Stone Wall x1 |
| 18:10 | Ux'Nova · wall_segment Stone Wall x1 |
| 18:10 | Ux'Nova · wall_segment Stone Wall x2 |
| 18:10 | Ux'Nova · wall_segment Stone Wall x2 |
| 18:11 | Ux'Nova · wall_segment Stone Wall x2 |
| 18:11 | Ux'Nova · wall_segment Stone Wall x1 |
| 18:12 | Ux'Nova · wall_segment Stone Wall x7 |
| 18:48 | DDDDD · first_building Monastery |
| 19:53 | Dk · age_up castle |
| 20:19 | DDDDD · first_market_sell 100 wood |
| 20:23 | Ux'Nova · age_up castle |
| 20:24 | Ux'Nova · first_building Siege Workshop |
| 20:52 | Ux'Nova · wall_segment Stone Wall x1 |
| 20:55 | Ux'Nova · wall_segment Stone Wall x5 |
| 20:57 | Ux'Nova · wall_segment Stone Wall x1 |
| 21:00 | Ux'Nova · wall_segment Stone Wall x1 |
| 21:21 | Ux'Nova · wall_segment Stone Wall x4 |
| 21:24 | Ux'Nova · wall_segment Stone Wall x2 |
| 21:31 | Ux'Nova · wall_segment Stone Wall x1 |
| 21:39 | Ux'Nova · wall_segment Stone Wall x8 |
| 22:02 | Ux'Nova · wall_segment Stone Wall x1 |
| 22:02 | Ux'Nova · wall_segment Stone Wall x1 |
| 22:02 | Ux'Nova · wall_segment Stone Wall x1 |
| 22:02 | Ux'Nova · wall_segment Stone Wall x2 |
| 22:03 | Ux'Nova · wall_segment Stone Wall x2 |
| 22:03 | Ux'Nova · wall_segment Stone Wall x1 |
| 22:03 | Ux'Nova · wall_segment Stone Wall x2 |
| 22:04 | Ux'Nova · wall_segment Stone Wall x1 |
| 22:12 | Dk · first_building Castle |
| 22:27 | DDDDD · wall_segment Palisade Wall x1 |
| 22:28 | DDDDD · wall_segment Palisade Wall x1 |
| 22:39 | Ux'Nova · wall_segment Stone Wall x1 |
| 22:39 | Ux'Nova · wall_segment Stone Wall x1 |
| 22:46 | T1m · first_building Siege Workshop |
| 22:58 | Freidle · age_up castle |
| 23:00 | T1m · first_building Monastery |
| 23:32 | Dk · first_market_buy 100 food |
| 23:40 | Freidle · first_building Castle |
| 23:42 | Ux´zSharck · first_building Monastery |
| 23:51 | Ux'Nova · first_building Monastery |
| 24:07 | T1m · first_building Castle |
| 24:16 | Ux'Nova · wall_segment Stone Wall x3 |
| 24:17 | Ux'Max <3 · first_building Castle |
| 24:20 | Ux'Nova · age_up imperial |
| 24:37 | Dk · wall_segment Stone Wall x4 |
| 24:38 | Dk · wall_segment Stone Wall x6 |
| 24:48 | Ux'Max <3 · first_building Monastery |
| 24:58 | T1m · first_building Barracks |
| 25:26 | Ux´zSharck · first_building Castle |
| 25:31 | Dk · first_building Siege Workshop |
| 25:38 | Freidle · first_market_buy 100 stone |
| 25:40 | Ux'Max <3 · first_building Barracks |
| 26:13 | DDDDD · first_building Castle |
| 26:22 | Freidle · first_market_sell 100 stone |
| 26:23 | Ux'Max <3 · first_building Stable |
| 26:25 | T1m · first_building Stable |
| 26:28 | T1m · first_building Archery Range |
| 26:35 | Ux'Nova · wall_segment Stone Wall x1 |
| 26:53 | Ux´zSharck · first_building Barracks |
| 27:14 | Dk · wall_segment Stone Wall x1 |
| 27:15 | Dk · wall_segment Stone Wall x1 |
| 27:17 | T1m · first_market_sell 100 wood |
| 27:33 | Ux´zSharck · tribute_sent a jugador 1 |
| 27:33 | Ux´zSharck · tribute_sent a jugador 2 |
| 27:33 | Ux´zSharck · tribute_sent a jugador 3 |
| 27:33 | Ux´zSharck · tribute_sent a jugador 4 |
| 27:33 | Ux´zSharck · tribute_sent a jugador 6 |
| 27:33 | Ux´zSharck · tribute_sent a jugador 7 |
| 27:33 | Ux´zSharck · tribute_sent a jugador 8 |
| 27:40 | Ux´zSharck · first_building Stable |
| 28:21 | Dk · first_building Monastery |
| 28:45 | Ux'Max <3 · age_up imperial |
| 28:52 | Dk · first_building Barracks |
| 29:04 | T1m · age_up imperial |
| 29:38 | Ux´zSharck · age_up imperial |
| 29:51 | _The_Lion · age_up imperial |
| 30:08 | Ux'Max <3 · first_market_sell 500 wood |
| 30:39 | Dk · wall_segment Stone Wall x13 |
| 30:42 | Dk · wall_segment Stone Wall x11 |
| 30:59 | _The_Lion · first_building Barracks |
| 31:37 | Dk · wall_segment Stone Wall x5 |
| 31:39 | Dk · age_up imperial |
| 31:42 | Dk · wall_segment Stone Wall x11 |
| 32:07 | Dk · wall_segment Stone Wall x3 |
| 32:09 | Dk · wall_segment Stone Wall x7 |
| 32:33 | Dk · wall_segment Stone Wall x4 |
| 32:37 | Dk · wall_segment Stone Wall x10 |
| 32:41 | Dk · wall_segment Stone Wall x8 |
| 32:44 | Dk · wall_segment Stone Wall x4 |
| 32:47 | Dk · wall_segment Stone Wall x5 |
| 32:49 | Ux´zSharck · first_building Archery Range |
| 33:25 | Dk · wall_segment Stone Wall x11 |
| 34:00 | Dk · wall_segment Stone Wall x4 |
| 34:10 | Dk · wall_segment Stone Wall x8 |
| 34:18 | DDDDD · first_building Barracks |
| 34:35 | DDDDD · age_up imperial |
| 35:00 | DDDDD · first_building Stable |
| 35:08 | Dk · wall_segment Stone Wall x1 |
| 35:11 | Dk · wall_segment Stone Wall x1 |
| 35:14 | Dk · wall_segment Stone Wall x1 |
| 35:43 | Dk · wall_segment Stone Wall x1 |
| 35:46 | Dk · wall_segment Stone Wall x1 |
| 35:55 | Dk · wall_segment Stone Wall x6 |
| 35:58 | Dk · wall_segment Stone Wall x1 |
| 36:05 | Dk · wall_segment Stone Wall x4 |
| 36:53 | T1m · tribute_sent a jugador 1 |
| 36:53 | T1m · tribute_sent a jugador 2 |
| 36:53 | T1m · tribute_sent a jugador 3 |
| 36:53 | T1m · tribute_sent a jugador 5 |
| 36:54 | T1m · tribute_sent a jugador 6 |
| 36:54 | T1m · tribute_sent a jugador 7 |
| 36:54 | T1m · tribute_sent a jugador 8 |
| 37:47 | Freidle · age_up imperial |
| 38:59 | T1m · tribute_sent a jugador 1 |
| 38:59 | T1m · tribute_sent a jugador 2 |
| 38:59 | T1m · tribute_sent a jugador 3 |
| 38:59 | T1m · tribute_sent a jugador 5 |
| 38:59 | T1m · tribute_sent a jugador 6 |
| 38:59 | T1m · tribute_sent a jugador 7 |
| 38:59 | T1m · tribute_sent a jugador 8 |
| 39:02 | Ux'Nova · first_building Castle |
| 40:51 | T1m · tribute_sent a jugador 1 |
| 40:51 | T1m · tribute_sent a jugador 2 |
| 40:51 | T1m · tribute_sent a jugador 3 |
| 40:51 | T1m · tribute_sent a jugador 5 |
| 40:51 | T1m · tribute_sent a jugador 6 |
| 40:51 | T1m · tribute_sent a jugador 7 |
| 40:51 | T1m · tribute_sent a jugador 8 |
| 41:04 | DDDDD · tribute_sent a jugador 1 |
| 41:04 | DDDDD · tribute_sent a jugador 2 |
| 41:04 | DDDDD · tribute_sent a jugador 3 |
| 41:04 | DDDDD · tribute_sent a jugador 4 |
| 41:04 | DDDDD · tribute_sent a jugador 5 |
| 41:04 | DDDDD · tribute_sent a jugador 6 |
| 41:04 | DDDDD · tribute_sent a jugador 7 |
| 41:22 | Ux'Max <3 · tribute_sent a jugador 2 |
| 41:22 | Ux'Max <3 · tribute_sent a jugador 3 |
| 41:22 | Ux'Max <3 · tribute_sent a jugador 4 |
| 41:22 | Ux'Max <3 · tribute_sent a jugador 5 |
| 41:22 | Ux'Max <3 · tribute_sent a jugador 6 |
| 41:22 | Ux'Max <3 · tribute_sent a jugador 7 |
| 41:22 | Ux'Max <3 · tribute_sent a jugador 8 |
| 44:23 | Dk · resign |
[ ANÁLISIS IA · 1 CRÉDITO ]
¿Qué pasó realmente en esta partida?
Wolo.gg analiza cada decisión: build order, eco, micro, errores típicos por bracket. Análisis personalizado por WhatsApp o Discord en 30 segundos.
Guía civ
Indostaníes
Perfil
Jugador #20200414